 Dungeon Crawl Stone Soup version 0.27-a0-1544-ge3ff634 (webtiles) character file.

Game seed: 4217763737377829790

11946 Illumine the Grappler (level 11, 0/111 HPs)
             Began as a Troll Monk on July 12, 2021.
             Slain by a death yak (24 damage)
             ... on level 7 of the Dungeon.
             The game lasted 00:19:56 (10218 turns).

Illumine the Grappler (Troll Monk)                 Turns: 10218, Time: 00:19:56

Health: 0/111      AC:  6    Str: 24    XL:     11   Next: 56%
Magic:  10/10      EV: 12    Int:  6    God:
Gold:   670        SH:  0    Dex: 12    Spells: 10/10 levels left

rFire    + . .     SeeInvis .     - Unarmed
rCold    . . .     Faith    .   (no shield)
rNeg     . . .     Spirit   .   C - +0 troll leather armour
rPois    .         Reflect  .   (helmet restricted)
rElec    .         Harm     .   (no cloak)
rCorr    +         Rampage  .   (gloves unavailable)
Will     .....                  (boots unavailable)
Stlth    +.........             (no amulet)
HPRegen  2.28/turn              l - ring of protection from fire
MPRegen  0.12/turn              D - ring of resist corrosion

@: no status effects
A: large, unfitting armour, claws 3, regeneration 1, shaggy fur 1, tough skin 1
a: no special abilities


You were on level 7 of the Dungeon.
You visited 2 branches of the dungeon, and saw 13 of its levels.

You collected 670 gold pieces.

Inventory:

Missiles
 d - 362 stones
 h - 5 atropa-tipped darts
 n - 12 boomerangs (quivered)
 t - a curare-tipped dart
Armour
 a - a +0 robe
 C - a +0 troll leather armour (worn)
Jewellery
 l - a ring of protection from fire (left claw)
 u - a ring of ice
 z - a ring of ice
 B - an amulet of faith
 D - a ring of resist corrosion (right claw)
 G - an amulet of the acrobat
Wands
 m - a wand of flame (60)
 s - a wand of digging (6)
 y - a wand of paralysis (6)
Scrolls
 c - a scroll of magic mapping {unknown}
 e - 3 scrolls of teleportation {unknown}
 f - 2 scrolls of fear
 g - 2 scrolls of immolation {unknown}
 k - 2 scrolls of vulnerability
 q - a scroll of noise {unknown}
 w - 2 scrolls of identify
 E - a scroll of enchant weapon {unknown}
Potions
 b - 3 potions of lignification
 i - 2 potions of curing
 j - 3 potions of brilliance
 o - a potion of resistance
 p - a potion of flight
 r - a potion of haste
 A - a potion of invisibility {unknown}
 F - 2 potions of magic {unknown}
Miscellaneous
 x - a tin of tremorstones (inert)


   Skills:
 + Level 7.8 Fighting
 + Level 4.9 Throwing
 + Level 2.9 Armour
 + Level 7.9 Dodging
 - Level 1.0 Stealth
 + Level 11.4 Unarmed Combat
 + Level 3.3 Evocations


You had 10 spell levels left.
You didn't know any spells.
Your spell library contained the following spells:

 Spells                   Type           Power      Damage    Failure   Level
 Sting                    Tmut/Pois      0%         1d3       50%         1
 Summon Small Mammal      Summ           0%         N/A       50%         1
 Ensorcelled Hibernation  Hex/Ice        0%         N/A       65%         2
 Poisonous Vapours        Pois/Air       0%         N/A       65%         2
 Call Canine Familiar     Summ           0%         N/A       86%         3
 Dazzling Flash           Conj/Hex       0%         N/A       86%         3
 Ozocubu's Armour         Ice            0%         N/A       86%         3
 Spider Form              Tmut/Pois      0%         N/A       86%         3
 Summon Guardian Golem    Hex/Summ       0%         N/A       86%         3
 Iskenderun's Mystic Bla  Conj/Tloc      0%         2d3       99%         4
 Olgreb's Toxic Radiance  Pois           0%         N/A       99%         4
 Metabolic Englaciation   Hex/Ice        0%         N/A       100%        5
 Shadow Creatures         Summ           N/A        N/A       100%        6
 Simulacrum               Ice/Necr       0%         N/A       100%        6
 Starburst                Conj/Fire      0%         8x6d3     100%        6


Dungeon Overview and Level Annotations

Branches:
Dungeon (12/15)            Temple (0/1) D:7            Lair (0/6) D:8
    Orc (1/2) D:10

Altars:
Dithmenos
Yredelemnul
Beogh

Shops:
D:7 :   D:10 (!

Annotations:
D:9 1 runed translucent door, MagicHien's ghost, journeyman DjWz


Innate Abilities, Weirdness & Mutations

You are too large for most types of armour.
You have claws for hands.
Your natural rate of healing is unusually fast.
You are covered in fur. (AC +1)
You have tough skin. (AC +1)


Message History

You claw the death yak!
The death yak is moderately wounded.
The death yak barely misses you.
You claw the death yak!
The death yak is heavily wounded.
The death yak gores you!!
You scratch the death yak.
The death yak is heavily wounded.
The death yak gores you.
You scratch the death yak.
The death yak is heavily wounded.
The death yak gores you!!
You completely miss the death yak.
The death yak is heavily wounded.
You scratch the death yak.
The death yak is severely wounded.
The death yak gores you!!
You scratch the death yak but do no damage.
The death yak is heavily wounded.
The death yak gores you.
You completely miss the death yak.
The death yak is heavily wounded.
The death yak barely misses you.
You claw the death yak!
The death yak is severely wounded.
The death yak gores you but does no damage.
You scratch the death yak. You claw the death yak.
The death yak is almost dead.
You claw the death yak!
The death yak is almost dead.
The death yak gores you but does no damage.
You barely miss the death yak.
The death yak is almost dead.
The death yak gores you!!
* * * LOW HITPOINT WARNING * * *
You scratch the death yak but do no damage.
You claw the death yak, but do no damage.
The death yak is almost dead.
The death yak gores you!!
You die...

#####'################
#......# #.......
#......# #.......
#......# #.......
#......# #.......
#......########.......
#......#..............
#.....Y#.......####...
#######@.'.......'..'...
#.....#.##.......####...
#.....#.##.......# #...
#.....#.#############...
#.....#.# #........
#.....'.# ###'###...#
#.....########.'∩'.#...#
#..............#'#.#...#
#......#########.#.#...#


You could see a death yak.

Vanquished Creatures
  A death yak (D:7)
  3 two-headed ogres
  An ugly thing (D:11)
  2 unseen horrors
  A freezing wraith (D:10)
  4 trolls
  A hornet (D:7)
  A slime creature (D:10)
  A meliai zombie (D:11)
  A shadow (D:11)
  A vampire (D:8)
  4 wyverns
  8 yaks
  An acid dragon (D:11)
  2 water moccasins
  A black bear (D:7)
  5 orc warriors
  2 sky beasts
  5 ogres
  A necrophage (D:4)
  3 centaurs
  A phantom (D:5)
  2 kobold brigands
  A bullfrog (D:6)
  2 gnoll sergeants (D:8)
  A water moccasin zombie (D:5)
  2 scorpions
  2 water moccasin skeletons
  8 killer bees
  5 wights
  4 howler monkeys
  4 centaur zombies
  3 bullfrog skeletons
  7 hounds
  A jelly (D:5)
  13 orc priests
  A gnoll shaman (D:4)
  An iguana (D:5)
  15 orc wizards
  2 killer bee zombies
  2 howler monkey zombies
  13 gnolls
  A howler monkey skeleton (D:4)
  8 adders
  A shadow imp (D:6)
  4 white imps
  An ufetubus (D:5)
  3 adder skeletons
  4 worms
  2 dart slugs
  50 orcs
  5 bats
  6 endoplasms
  5 giant cockroaches
  5 goblins
  9 hobgoblins
  2 jackals (D:5)
  4 quokkas
  7 ball pythons
  4 frilled lizards
  13 kobolds
  8 rats
281 creatures vanquished.

Vanquished Creatures (others)
  4 plants
4 creatures vanquished.

Grand Total: 285 creatures vanquished

Notes
Turn   | Place    | Note
-------+----------+-------------------------------------------
     0 | D:1      | Illumine the Troll Monk began the quest for the Orb.
     0 | D:1      | Reached XP level 1. HP: 22/22 MP: 0/0
   135 | D:1      | Reached XP level 2. HP: 29/29 MP: 1/1
   747 | D:1      | Reached XP level 3. HP: 36/36 MP: 2/2
   916 | D:2      | Found a basalt altar of Yredelemnul.
   998 | D:2      | Reached skill level 4 in Unarmed Combat
  1017 | D:2      | Reached XP level 4. HP: 44/44 MP: 3/3
  1669 | D:3      | Reached XP level 5. HP: 53/53 MP: 4/4
  2513 | D:4      | Noticed a necrophage
  2528 | D:4      | Killed a necrophage
  2529 | D:4      | Reached skill level 5 in Unarmed Combat
  2667 | D:4      | Noticed an ogre
  2688 | D:4      | Killed an ogre
  2689 | D:4      | Reached XP level 6. HP: 39/61 MP: 5/5
  3235 | D:4      | Reached skill level 6 in Unarmed Combat
  3252 | D:4      | Identified the +1 leather armour of the Thirteen Runes
                  | {MP+9}
  3330 | D:4      | Reached XP level 7. HP: 68/68 MP: 6/6
  3638 | D:5      | Entered Level 5 of the Dungeon
  3965 | D:5      | Reached skill level 7 in Unarmed Combat
  4041 | D:5      | Reached XP level 8. HP: 67/79 MP: 7/7
  4250 | D:5      | Reached skill level 5 in Fighting
  4250 | D:5      | Reached skill level 5 in Dodging
  4250 | D:5      | Reached skill level 8 in Unarmed Combat
  4789 | D:6      | Reached XP level 9. HP: 86/88 MP: 8/8
  4793 | D:6      | Reached skill level 9 in Unarmed Combat
  5209 | D:6      | Identified the +2 ring mail "Bonelol" {rC+ Int-5 Dex+8}
  5306 | D:7      | Found a staircase to the Ecumenical Temple.
  5330 | D:7      | Paralysed by a hornet for 2 turns
  5807 | D:7      | Found Cyprouva's Book Emporium.
  6044 | D:8      | Noticed a death yak
  6216 | D:8      | Reached skill level 10 in Unarmed Combat
  6436 | D:8      | Reached skill level 1 in Throwing
  6575 | D:8      | Noticed a death yak
  6575 | D:8      | Noticed a death yak
  6575 | D:8      | Noticed a death yak
  6575 | D:8      | Noticed a death yak
  6575 | D:8      | Noticed a death yak
  6664 | D:9      | Noticed MagicHien's ghost (journeyman DjWz)
  6664 | D:9      | Noticed a polar bear
  6664 | D:9      | Found a runed translucent door.
  6769 | D:9      | Identified the +3 spear "Cotedgh" {vorpal, Str+4}
  6783 | D:8      | Reached XP level 10. HP: 97/99 MP: 9/9
  6800 | D:9      | Noticed a two-headed ogre
  6811 | D:9      | Killed a two-headed ogre
  7211 | D:9      | Found a shadowy altar of Dithmenos.
  7406 | D:9      | Reached skill level 1 in Evocations
  7774 | D:10     | Entered Level 10 of the Dungeon
  7824 | D:10     | Found Ibrozxo's Weapon Shoppe.
  8191 | D:10     | Found Iwofaxta's Distillery.
  8500 | D:10     | Found a staircase to the Orcish Mines.
  8872 | Orc:1    | Entered Level 1 of the Orcish Mines
  8956 | D:10     | Reached skill level 1 in Armour
  8960 | D:10     | Reached skill level 11 in Unarmed Combat
  9070 | D:11     | Reached XP level 11. HP: 102/109 MP: 10/10
  9645 | D:12     | Noticed a two-headed ogre
  9658 | D:11     | Killed a two-headed ogre
  9702 | D:12     | Noticed a two-headed ogre
  9719 | D:12     | Noticed a brown ugly thing
  9719 | D:12     | Noticed a two-headed ogre
  9730 | D:11     | Killed a brown ugly thing
  9799 | D:12     | HP: 5/163 [two-headed ogre (6)]
  9801 | D:12     | Killed a two-headed ogre
 10180 | D:8      | Found a staircase to the Lair.
 10180 | D:8      | Noticed a death yak
 10194 | D:7      | Killed a death yak
 10218 | D:7      | Slain by a death yak

Illustrated notes

Levels and vault maps discovered:
D:1:      pf_arrival_petrified_forest, layout_loops_corners,
          minmay_indecisive_spiral
D:2:      cheibrodos_pilgrimage, layout_basic, basic_altar
D:3:      minmay_general_purpose_star, layout_basic
D:4:      layout_basic, serial_forest, infiniplex_forest_lined_corner,
          infiniplex_forest_straight_3, infiniplex_forest_clump_tiny,
          infiniplex_forest_lined_corner, infiniplex_forest_zigzag_1,
          infiniplex_forest_clump_small, infiniplex_forest_lined_2
D:5:      minmay_diamond_boxcup, layout_basic, hex_large
D:6:      layout_rooms, supply_closet_lemuel, hangedman_minor_gate_pass
D:7:      layout_basic, minmay_temple_entry_drinking_statues, serial_shops,
          kennysheep_mini
D:8:      layout_loops_corners, dpeg_lair_monsters
D:9:      layout_cave_pods, nicolae_dithmenos_the_darkroom,
          ebering_ghost_funeral_grove, serial_rivers,
          chequers_serial_rivers_micro_a, chequers_serial_rivers_micro_a,
          chequers_serial_rivers_micro_d, chequers_serial_rivers_room_a
D:10:     layout_roguey, minmay_orc_entry_temple_small, serial_shops,
          nicolae_diamond_shop, nicolae_take_the_stairs
D:11:     layout_cave_pools
D:12:     layout_loops_ring, portal_ice_cave_entry_animals_and_master,
          uniq_maurice
Orc:1:    layout_diamond_mine, basic_altar, bloody_makhleb

Skill      XL: |  1  2  3  4  5  6  7  8  9 10 11 |
---------------+----------------------------------+-----
Unarmed Combat | 4 5 6 7 8 10 11 | 11.4
Fighting       | 3 4 5 6 7 |  7.8
Dodging        | 3 4 5 6 7 |  7.9
Throwing       | 1 4 |  4.9
Evocations     | 2 3 |  3.3
Armour         | 1 2 |  2.9
Stealth        | |  1.0

Action                   |  1- 3 |  4- 6 |  7- 9 | 10-12 || total
-------------------------+-------+-------+-------+-------++-------
Melee: Unarmed           |    89 |   159 |   360 |   273 ||   881
       Punch             |     2 |     4 |     9 |    18 ||    33
Throw: Stone             |       |     9 |    24 |     3 ||    36
       Boomerang         |       |       |       |    52 ||    52
       Dart              |       |       |       |     1 ||     1
Evoke: Wand              |       |       |       |     6 ||     6
       Tin of tremorston |       |       |       |     2 ||     2
  Use: Scroll            |     3 |     3 |     3 |       ||     9
       Potion            |       |     2 |     1 |     4 ||     7
 Stab: Sleeping          |     3 |     1 |     6 |     1 ||    11
       Distracted        |       |       |     1 |       ||     1
Armor: Robe              |    37 |    28 |    61 |    17 ||   143
       Skin              |       |       |     6 |    10 ||    16
       Troll leather arm |       |       |       |    51 ||    51
Dodge: Dodged            |    46 |    59 |   205 |   167 ||   477

Table legend: (Time is in decaauts)
 A = Elapsed time spent in this place.
 B = Non-inter-level travel time spent in this place.
 C = Inter-level travel time spent in this place.
 D = Time resting spent in this place.
 E = Time spent auto-exploring this place.
 F = Levels seen in this place.
 G = Mean time per level.
                   A        B        C        D        E       F      G
               +--------+--------+--------+--------+--------+-----+--------+
         Total |  10154 |   9579 |    575 |   1189 |   5914 |  13 |  781.1 |
       Dungeon |  10106 |   9531 |    575 |   1189 |   5900 |  12 |  842.2 |
  Orcish Mines |     48 |     48 |      0 |      0 |     14 |   1 |   48.0 |
               +--------+--------+--------+--------+--------+-----+--------+

Top non-repeatable levels by time:
    D:10: 1228 daAuts
     D:4: 1096 daAuts
     D:3: 1065 daAuts
     D:9: 1043 daAuts
     D:7: 928 daAuts
     D:1: 872 daAuts
     D:8: 859 daAuts
     D:5: 823 daAuts
    D:11: 771 daAuts
     D:6: 732 daAuts
     D:2: 604 daAuts
    D:12: 80 daAuts
   Orc:1: 48 daAuts
